 Dungeon Crawl Stone Soup version 0.31-a0-846-gb3bcc0d938 (webtiles) character file.

Game seed: 4881907948436270552

30 kae the Chopper (level 3, -4/31 HPs)
             Began as a Hill Orc Fighter on Oct 3, 2023.
             Slain by a gnoll
             ... wielding a +0 spear
              (5 damage)
             ... on level 2 of the Dungeon.
             The game lasted 00:00:24 (1123 turns).

kae the Chopper (Hill Orc Fighter)                  Turns: 1123, Time: 00:00:25

Health: -4/31      AC:  6    Str: 20    XL:     3   Next: 20%
Magic:  3/3        EV:  9    Int:  8    God:
Gold:   56         SH:  4    Dex: 10    Spells: 2/2 levels left

rFire   . . .        a - +0 war axe
rCold   . . .        c - +0 buckler
rNeg    . . .        b - +0 scale mail
rPois   .            (no helmet)
rElec   .            (no cloak)
rCorr   .            (no gloves)
SInv    .            (no boots)
Will    .....        (no amulet) Stlth
                     (no ring)
HPRegen 0.25/turn    (no ring)
MPRegen 0.08/turn

%: no passive effects
@: no status effects
A: no striking features
a: no special abilities


You were on level 2 of the Dungeon.
You visited 1 branch of the dungeon, and saw 2 of its levels.

You collected 56 gold pieces.


   Skills:
 - Level 3.6 Fighting
 + Level 4.8 Axes
 - Level 3.2 Armour
 - Level 3.2 Shields


You had 2 spell levels left.
You didn't know any spells.
Your spell library contained the following spells:

 Spells                   Type           Power      Damage    Failure   Level
 Summon Small Mammal      Summ           0%         N/A       83%         1
 Call Canine Familiar     Summ           0%         N/A       99%         3
 Summon Guardian Golem    Hex/Summ       0%         N/A       99%         3

Inventory:

Hand Weapons
 a - a +0 war axe (weapon)
Missiles
 f - 8 stones
 j - 4 poisoned darts
Armour
 b - a +0 scale mail (worn)
 c - a +0 buckler (worn)
Jewellery
 v - a ring of see invisible
   (You found it on level 1 of the Dungeon)
Scrolls
 e - 2 scrolls of noise {unknown}
 g - 2 scrolls of identify {unknown}
 h - a scroll of fog {unknown}
Potions
 d - a potion of might
 i - 2 potions of attraction {unknown}

Dungeon Overview and Level Annotations

Branches:
Dungeon (2/15) Zot: 10850

Altars:

##'## #.# #.# ##.##
########...## #
#...........# #.
#.#...##...##
#..###..###.#..##
#..g@...# #.#..#####.
##g###..###...†......
# #.#...##..######
#.######..#
#....>....#
#########.# #.# #.#
#.#


You could see 2 gnolls.


Message History

You hit the worm. The worm barely misses you.
You barely miss the worm. The worm closely misses you.
A worm is nearby!
You slash the worm! You completely miss the worm.
The worm bites you but does no damage.
A worm is nearby!
You barely miss the worm. The worm bites you but does no damage.
You slash the worm! The worm bites you. 😕 HP[-6]
You take 6 damage, and now have 20/26 hp.
MASSIVE DAMAGE!! (PAUSE)
A worm is nearby!
You slash the worm!
You kill the worm!
You have reached level 3!
Your experience leads to an increase in your attributes!
Increase (S)trength, (I)ntelligence, or (D)exterity?
You feel stronger. x2 😕 HP[+4] MP[+1]
You now have 31 max hp (+5).
You regained 4 hp, and now have 24/31 hp.
Your mp is fully restored (3).
e - 2 scrolls labelled QIHEPT UPSOVAO (gained 1)
You open the door.
There is an open door here.
A hobgoblin comes into view.
The hobgoblin shouts! 😎 HP[+7]
Your hp is fully restored (31).
A hobgoblin is nearby!
You block the hobgoblin's attack.
You barely miss the hobgoblin. The hobgoblin hits you. 😕 HP[-4]
You take 4 damage, and now have 27/31 hp.
A hobgoblin is nearby!
You hit the hobgoblin. The hobgoblin hits you.
The hobgoblin hits you but does no damage.
You barely miss the hobgoblin.
The hobgoblin hits you but does no damage.
A hobgoblin is nearby!
A hobgoblin is nearby!
A hobgoblin is nearby!
You slash the hobgoblin!
You kill the hobgoblin!
No target in view!
You see here a hobgoblin corpse.
You see here a hobgoblin corpse.
A worm comes into view. 😎 HP[+4]
Your hp is fully restored (31).
A worm is nearby!
You barely miss the worm. The worm bites you! 😮 HP[-9]
You take 9 damage, and now have 22/31 hp.
MASSIVE DAMAGE!! (PAUSE)
A worm is nearby!
You hit the worm. The worm bites you!
* * * LOW HITPOINT WARNING * * *
You are too injured to fight recklessly! 😨 HP[-9]
You take 9 damage, and now have 13/31 hp.
MASSIVE DAMAGE!! (PAUSE)
You hit the worm. The worm barely misses you.
You barely miss the worm. The worm bites you.
* * * LOW HITPOINT WARNING * * *
😨 HP[-5]
You take 5 damage, and now have 8/31 hp.
You slash the worm!
You kill the worm!
Found a stone staircase leading down. 😕 HP[+18]
You regained 18 hp, and now have 26/31 hp.
Unknown command.
A gnoll comes into view. It is wielding a +0 halberd.
The gnoll shouts!
You hear a shout! x2 😎 HP[+5]
Your hp is fully restored (31).
The gnoll hits you from afar with a +0 halberd!
You are too injured to fight recklessly! 😮 HP[-10]
You take 10 damage, and now have 21/31 hp.
MASSIVE DAMAGE!! (PAUSE)
You block the gnoll's attack.
You closely miss the gnoll. The gnoll hits you with a +0 halberd!
* * * LOW HITPOINT WARNING * * *
A gnoll comes into view. It is wielding a +0 spear. 😨 HP[-11]
You take 11 damage, and now have 10/31 hp.
MASSIVE DAMAGE!! (PAUSE)
You hit the gnoll but do no damage. The gnoll hits you but does no damage.
The gnoll hits you from afar with a +0 spear.
* * * LOW HITPOINT WARNING * * *
😱 HP[-3]
You take 3 damage, and now have 7/31 hp.
You slash the gnoll!
The gnoll hits you from afar with a +0 spear.
* * * LOW HITPOINT WARNING * * *
The gnoll barely misses you.
The gnoll hits you from afar with a +0 spear.
You die...

Skill      XL: |  1  2 |
---------------+-------+-----
Axes           | 3 4 |  4.8
Fighting       | |  3.6
Armour         | |  3.2
Shields        | |  3.2

Action                     || total
---------------------------++-------
  Melee: War axe           ||    73
 Armour: Scale mail        ||    46
  Dodge: Dodged            ||    20
  Block: Buckler           ||    14

Levels and vault maps discovered:
D:1:      psy_arrival_wood_between_worlds, layout_loops_corners
D:2:      minmay_inner_zag, layout_loops_corners, minmay_pentomino_x2

Notes
Turn   | Place    | Note
-------+----------+-------------------------------------------
     0 | D:1      | kae the Hill Orc Fighter began the quest for the Orb.
     0 | D:1      | Reached XP level 1. HP: 19/19 MP: 1/1
     0 | D:1      | magus.rc [v1.11.3]
   165 | D:1      | Reached skill level 3 in Axes
   288 | D:1      | Reached XP level 2. HP: 26/26 MP: 2/2
   598 | D:1      | Reached skill level 4 in Axes
   748 | D:1      | You pick up a book of Callings and begin reading...
   748 | D:1      | You add the spells Summon Small Mammal, Call Canine
                  | Familiar and Summon Guardian Golem to your library.
   951 | D:2      | Reached XP level 3. HP: 24/31 MP: 3/3
  1122 | D:2      | HP: 7/31 [gnoll/+0 spear (3)]
  1123 | D:2      | HP: 1/31 [gnoll/+0 spear (6)]
  1123 | D:2      | Slain by a gnoll

Vanquished Creatures
  2 worms (D:2)
  6 goblins (D:1)
  5 hobgoblins
  2 quokkas (D:1)
  2 frilled lizards (D:1)
  3 kobolds (D:1)
  3 rats (D:1)
23 creatures vanquished.

Table legend:
 A = Non-vault XP
 B = Vault XP
 C = Vault XP percentage of total XP
 D = Non-vault monster count
 E = Vault monster count
 F = Vault count percentage of total count
                 A         B        C        D         E       F
            +---------+---------+-------+---------+---------+-------
      Total |      44 |       0 |   0.0 |      23 |       0 |   0.0
            +---------+---------+-------+---------+---------+-------
        D:1 |      32 |       0 |   0.0 |      20 |       0 |   0.0
        D:2 |      12 |       0 |   0.0 |       3 |       0 |   0.0
            +---------+---------+-------+---------+---------+-------

Skill      XL: |  1  2 |
---------------+-------+-----
Axes           | 3 4 |  4.8
Fighting       | |  3.6
Armour         | |  3.2
Shields        | |  3.2

Action                     || total
---------------------------++-------
  Melee: War axe           ||    73
 Armour: Scale mail        ||    46
  Dodge: Dodged            ||    20
  Block: Buckler           ||    14

Illustrated notes

Table legend:
 A = Kills in this place as a percentage of kills in the entire game.
 B = Kills by you in this place as a percentage of kills by you in the entire game.
 C = Kills by friends in this place as a percentage of kills by friends in the entire game.
 D = Other kills in this place as a percentage of other kills in the entire game.
 E = Experience gained in this place as a percentage of experience gained in the entire game.
 F = Experience gained in this place divided by the number of levels of this place that you have seen.
                   A       B       C       D       E      F
               +-------+-------+-------+-------+-------+----------------------
         Total | 100.0 | 100.0 |   N/A |   N/A | 100.0 |  22.0
       Dungeon | 100.0 | 100.0 |   N/A |   N/A | 100.0 |  22.0
               +-------+-------+-------+-------+-------+----------------------

Table legend: (Time is in decaauts)
 A = Elapsed time spent in this place.
 B = Non-inter-level travel time spent in this place.
 C = Inter-level travel time spent in this place.
 D = Time resting spent in this place.
 E = Time spent auto-exploring this place.
 F = Levels seen in this place.
 G = Mean time per level.
                   A        B        C        D        E       F      G
               +--------+--------+--------+--------+--------+-----+--------+
         Total |   1148 |   1120 |     28 |      0 |    956 |   2 |  574.0 |
       Dungeon |   1148 |   1120 |     28 |      0 |    956 |   2 |  574.0 |
               +--------+--------+--------+--------+--------+-----+--------+

Top non-repeatable levels by time:
     D:1: 960 daAuts
     D:2: 187 daAuts
